Workbook

Sheet Entries
A1: Date | B1: Time | C1: Type | D1: Amount | E1: Currency | F1: Note | G1: Tag | H1: Payment Method | I1: Card | J1: Original Amount | K1: Original Currency | L1: Exchange Rate
A2: 46266 | B2: 0.33333333 | C2: Income | D2: 1850 | E2: USD | F2: Paycheck | G2: Work | H2: Online
A3: 46266 | B3: 0.38541667 | C3: Expense | D3: -1350 | E3: USD | F3: September rent | G3: Rent | H3: Online
A4: 46268 | B4: 0.77777778 | C4: Expense | D4: -86.42 | E4: USD | F4: Weekly shop | G4: Groceries | H4: Point of Sale | I4: Visa
A5: 46270 | B5: 0.50694444 | C5: Expense | D5: -14.5 | E5: USD | F5: Lunch out | G5: Food | H5: Point of Sale | I5: Visa
A6: 46273 | B6: 0.3125 | C6: Expense | D6: -45 | E6: USD | F6: Fill up | G6: Gas | H6: Point of Sale | I6: Mastercard
A7: 46275 | B7: 0.73958333 | C7: Expense | D7: -64 | E7: USD | F7: Bus pass | G7: Transportation | H7: Online | I7: Visa
A8: 46277 | B8: 0.83680556 | C8: Expense | D8: -15.99 | E8: USD | F8: Streaming | G8: Subscriptions | H8: Online | I8: Visa
A9: 46280 | B9: 0.33333333 | C9: Income | D9: 1850 | E9: USD | F9: Paycheck | G9: Work | H9: Online
A10: 46283 | B10: 0.80555556 | C10: Expense | D10: -94.3 | E10: USD | F10: Electric bill | G10: Utilities | H10: Online
A11: 46285 | B11: 0.45833333 | C11: Expense | D11: -20 | E11: USD | F11: Farmers market | G11: Groceries | H11: Cash
A12: 46289 | B12: 0.64583333 | C12: Income | D12: 60 | E12: USD | F12: Sold old desk | G12: Sale | H12: Cash
A13: 46296 | B13: 0.33333333 | C13: Income | D13: 1850 | E13: USD | F13: Paycheck | G13: Work | H13: Online
A14: 46296 | B14: 0.38541667 | C14: Expense | D14: -1350 | E14: USD | F14: October rent | G14: Rent | H14: Online
A15: 46299 | B15: 0.43055556 | C15: Expense | D15: -5.29 | E15: USD | F15: Coffee | G15: Food | H15: Point of Sale | I15: Visa | J15: -4.8 | K15: EUR | L15: 1.102083

Sheet Summary
A1: Monthly summary
A2: Totals come from the Entries sheet. Type another year in B4 to see that year.
A4: Year | B4: 2026
A6: Month | B6: Income | C6: Expenses | D6: Net | E6: Savings rate | G6: Tag | H6: Spent this year
A7: =DATE($B$4,1,1) -> 46023 | B7: =SUMIFS(Entries!$D:$D,Entries!$A:$A,">="&$A7,Entries!$A:$A,"<"&DATE(YEAR($A7),MONTH($A7)+1,1),Entries!$D:$D,">0") -> 0 | C7: =-SUMIFS(Entries!$D:$D,Entries!$A:$A,">="&$A7,Entries!$A:$A,"<"&DATE(YEAR($A7),MONTH($A7)+1,1),Entries!$D:$D,"<0") -> 0 | D7: =B7-C7 -> 0 | E7: =IF(B7>0,D7/B7,"") | G7: Rent | H7: =-SUMIFS(Entries!$D:$D,Entries!$G:$G,$G7,Entries!$D:$D,"<0",Entries!$A:$A,">="&DATE($B$4,1,1),Entries!$A:$A,"<"&DATE($B$4+1,1,1)) -> 2700
A8: =DATE($B$4,2,1) -> 46054 | B8: =SUMIFS(Entries!$D:$D,Entries!$A:$A,">="&$A8,Entries!$A:$A,"<"&DATE(YEAR($A8),MONTH($A8)+1,1),Entries!$D:$D,">0") -> 0 | C8: =-SUMIFS(Entries!$D:$D,Entries!$A:$A,">="&$A8,Entries!$A:$A,"<"&DATE(YEAR($A8),MONTH($A8)+1,1),Entries!$D:$D,"<0") -> 0 | D8: =B8-C8 -> 0 | E8: =IF(B8>0,D8/B8,"") | G8: Groceries | H8: =-SUMIFS(Entries!$D:$D,Entries!$G:$G,$G8,Entries!$D:$D,"<0",Entries!$A:$A,">="&DATE($B$4,1,1),Entries!$A:$A,"<"&DATE($B$4+1,1,1)) -> 106.42
A9: =DATE($B$4,3,1) -> 46082 | B9: =SUMIFS(Entries!$D:$D,Entries!$A:$A,">="&$A9,Entries!$A:$A,"<"&DATE(YEAR($A9),MONTH($A9)+1,1),Entries!$D:$D,">0") -> 0 | C9: =-SUMIFS(Entries!$D:$D,Entries!$A:$A,">="&$A9,Entries!$A:$A,"<"&DATE(YEAR($A9),MONTH($A9)+1,1),Entries!$D:$D,"<0") -> 0 | D9: =B9-C9 -> 0 | E9: =IF(B9>0,D9/B9,"") | G9: Food | H9: =-SUMIFS(Entries!$D:$D,Entries!$G:$G,$G9,Entries!$D:$D,"<0",Entries!$A:$A,">="&DATE($B$4,1,1),Entries!$A:$A,"<"&DATE($B$4+1,1,1)) -> 19.79
A10: =DATE($B$4,4,1) -> 46113 | B10: =SUMIFS(Entries!$D:$D,Entries!$A:$A,">="&$A10,Entries!$A:$A,"<"&DATE(YEAR($A10),MONTH($A10)+1,1),Entries!$D:$D,">0") -> 0 | C10: =-SUMIFS(Entries!$D:$D,Entries!$A:$A,">="&$A10,Entries!$A:$A,"<"&DATE(YEAR($A10),MONTH($A10)+1,1),Entries!$D:$D,"<0") -> 0 | D10: =B10-C10 -> 0 | E10: =IF(B10>0,D10/B10,"") | G10: Transportation | H10: =-SUMIFS(Entries!$D:$D,Entries!$G:$G,$G10,Entries!$D:$D,"<0",Entries!$A:$A,">="&DATE($B$4,1,1),Entries!$A:$A,"<"&DATE($B$4+1,1,1)) -> 64
A11: =DATE($B$4,5,1) -> 46143 | B11: =SUMIFS(Entries!$D:$D,Entries!$A:$A,">="&$A11,Entries!$A:$A,"<"&DATE(YEAR($A11),MONTH($A11)+1,1),Entries!$D:$D,">0") -> 0 | C11: =-SUMIFS(Entries!$D:$D,Entries!$A:$A,">="&$A11,Entries!$A:$A,"<"&DATE(YEAR($A11),MONTH($A11)+1,1),Entries!$D:$D,"<0") -> 0 | D11: =B11-C11 -> 0 | E11: =IF(B11>0,D11/B11,"") | G11: Utilities | H11: =-SUMIFS(Entries!$D:$D,Entries!$G:$G,$G11,Entries!$D:$D,"<0",Entries!$A:$A,">="&DATE($B$4,1,1),Entries!$A:$A,"<"&DATE($B$4+1,1,1)) -> 94.3
A12: =DATE($B$4,6,1) -> 46174 | B12: =SUMIFS(Entries!$D:$D,Entries!$A:$A,">="&$A12,Entries!$A:$A,"<"&DATE(YEAR($A12),MONTH($A12)+1,1),Entries!$D:$D,">0") -> 0 | C12: =-SUMIFS(Entries!$D:$D,Entries!$A:$A,">="&$A12,Entries!$A:$A,"<"&DATE(YEAR($A12),MONTH($A12)+1,1),Entries!$D:$D,"<0") -> 0 | D12: =B12-C12 -> 0 | E12: =IF(B12>0,D12/B12,"") | G12: Gas | H12: =-SUMIFS(Entries!$D:$D,Entries!$G:$G,$G12,Entries!$D:$D,"<0",Entries!$A:$A,">="&DATE($B$4,1,1),Entries!$A:$A,"<"&DATE($B$4+1,1,1)) -> 45
A13: =DATE($B$4,7,1) -> 46204 | B13: =SUMIFS(Entries!$D:$D,Entries!$A:$A,">="&$A13,Entries!$A:$A,"<"&DATE(YEAR($A13),MONTH($A13)+1,1),Entries!$D:$D,">0") -> 0 | C13: =-SUMIFS(Entries!$D:$D,Entries!$A:$A,">="&$A13,Entries!$A:$A,"<"&DATE(YEAR($A13),MONTH($A13)+1,1),Entries!$D:$D,"<0") -> 0 | D13: =B13-C13 -> 0 | E13: =IF(B13>0,D13/B13,"") | G13: Subscriptions | H13: =-SUMIFS(Entries!$D:$D,Entries!$G:$G,$G13,Entries!$D:$D,"<0",Entries!$A:$A,">="&DATE($B$4,1,1),Entries!$A:$A,"<"&DATE($B$4+1,1,1)) -> 15.99
A14: =DATE($B$4,8,1) -> 46235 | B14: =SUMIFS(Entries!$D:$D,Entries!$A:$A,">="&$A14,Entries!$A:$A,"<"&DATE(YEAR($A14),MONTH($A14)+1,1),Entries!$D:$D,">0") -> 0 | C14: =-SUMIFS(Entries!$D:$D,Entries!$A:$A,">="&$A14,Entries!$A:$A,"<"&DATE(YEAR($A14),MONTH($A14)+1,1),Entries!$D:$D,"<0") -> 0 | D14: =B14-C14 -> 0 | E14: =IF(B14>0,D14/B14,"") | G14: Retail | H14: =-SUMIFS(Entries!$D:$D,Entries!$G:$G,$G14,Entries!$D:$D,"<0",Entries!$A:$A,">="&DATE($B$4,1,1),Entries!$A:$A,"<"&DATE($B$4+1,1,1)) -> 0
A15: =DATE($B$4,9,1) -> 46266 | B15: =SUMIFS(Entries!$D:$D,Entries!$A:$A,">="&$A15,Entries!$A:$A,"<"&DATE(YEAR($A15),MONTH($A15)+1,1),Entries!$D:$D,">0") -> 3760 | C15: =-SUMIFS(Entries!$D:$D,Entries!$A:$A,">="&$A15,Entries!$A:$A,"<"&DATE(YEAR($A15),MONTH($A15)+1,1),Entries!$D:$D,"<0") -> 1690.21 | D15: =B15-C15 -> 2069.79 | E15: =IF(B15>0,D15/B15,"") -> 0.55047606
A16: =DATE($B$4,10,1) -> 46296 | B16: =SUMIFS(Entries!$D:$D,Entries!$A:$A,">="&$A16,Entries!$A:$A,"<"&DATE(YEAR($A16),MONTH($A16)+1,1),Entries!$D:$D,">0") -> 1850 | C16: =-SUMIFS(Entries!$D:$D,Entries!$A:$A,">="&$A16,Entries!$A:$A,"<"&DATE(YEAR($A16),MONTH($A16)+1,1),Entries!$D:$D,"<0") -> 1355.29 | D16: =B16-C16 -> 494.71 | E16: =IF(B16>0,D16/B16,"") -> 0.26741081 | G16: Replace these with your own tags.
A17: =DATE($B$4,11,1) -> 46327 | B17: =SUMIFS(Entries!$D:$D,Entries!$A:$A,">="&$A17,Entries!$A:$A,"<"&DATE(YEAR($A17),MONTH($A17)+1,1),Entries!$D:$D,">0") -> 0 | C17: =-SUMIFS(Entries!$D:$D,Entries!$A:$A,">="&$A17,Entries!$A:$A,"<"&DATE(YEAR($A17),MONTH($A17)+1,1),Entries!$D:$D,"<0") -> 0 | D17: =B17-C17 -> 0 | E17: =IF(B17>0,D17/B17,"")
A18: =DATE($B$4,12,1) -> 46357 | B18: =SUMIFS(Entries!$D:$D,Entries!$A:$A,">="&$A18,Entries!$A:$A,"<"&DATE(YEAR($A18),MONTH($A18)+1,1),Entries!$D:$D,">0") -> 0 | C18: =-SUMIFS(Entries!$D:$D,Entries!$A:$A,">="&$A18,Entries!$A:$A,"<"&DATE(YEAR($A18),MONTH($A18)+1,1),Entries!$D:$D,"<0") -> 0 | D18: =B18-C18 -> 0 | E18: =IF(B18>0,D18/B18,"")
A19: Total | B19: =SUM(B7:B18) -> 5610 | C19: =SUM(C7:C18) -> 3045.5 | D19: =B19-C19 -> 2564.5 | E19: =IF(B19>0,D19/B19,"") -> 0.45713012
